 Dungeon Crawl Stone Soup version 0.22.0-49-gab54619 (webtiles) character file.

42 Loudmushroom the Covered (level 3, -1/23 HPs)
             Began as a Gargoyle Fighter on Sept 7, 2018.
             Slain by a gnoll (6 damage)
             ... on level 2 of the Dungeon.
             The game lasted 00:04:22 (1305 turns).

Loudmushroom the Covered (Gargoyle Fighter)         Turns: 1305, Time: 00:04:23

Health: -1/23      AC: 10    Str: 20    XL:     3   Next: 56%
Magic:  3/3        EV:  7    Int:  8    God:
Gold:   51         SH:  9    Dex:  9    Spells: 2/2 levels left

rFire    . . .     SeeInvis .   a - +0 war axe
rCold    . . .     Gourm    .   c - +0 shield
rNeg     + . .     Faith    .   b - +0 scale mail
rPois    ∞         Spirit   .   (no helmet)
rElec    +         Reflect  .   (no cloak)
rCorr    .         Harm     .   (no gloves)
MR       .....                  (no boots)
Stlth    ..........             (no amulet)
HPRegen  0.07/turn              (no ring)
MPRegen  0.08/turn              (no ring)

@: no status effects
A: negative energy resistance 1, electricity resistance, unbreathing,
petrification resistance, rot immunity, AC +3
a: no special abilities


You were on level 2 of the Dungeon.
You were hungry.

You visited 1 branch of the dungeon, and saw 2 of its levels.

You collected 51 gold pieces.

Inventory:

Hand Weapons
 a - a +0 war axe (weapon)
Missiles
 e - 23 bolts
 i - 3 stones
 l - 18 sling bullets
 n - 3 tomahawks (quivered)
 o - 15 poisoned needles
Armour
 b - a +0 scale mail (worn)
 c - a +0 shield (worn)
Scrolls
 h - 2 scrolls of identify {unknown}
 m - a scroll of immolation {unknown}
Potions
 d - 2 potions of might
 g - 2 potions of mutation {unknown}
 k - a potion of degeneration {unknown}
 p - a potion of haste {unknown}
Comestibles
 f - 5 rations
 j - 2 chunks of flesh


   Skills:
 + Level 3.6 Fighting
 * Level 2.6 Axes
 + Level 3.6 Armour
 + Level 3.6 Shields


You had 2 spell levels left.
You didn't know any spells.
Your spell library was empty.

Dungeon Overview and Level Annotations

Branches:
Dungeon (2/15)

Altars:
Nemelex Xobeh


Innate Abilities, Weirdness & Mutations

You are resistant to torment.
Your stone body is resilient. (AC +3)
You are immune to poison.
You resist negative energy. (rN+)
You are resistant to electric shocks. (rElec)
You can survive without breathing.
You are immune to petrification.
You are immune to rotting.


Message History

Your shield and scale mail prevent you from hitting the gnoll.
You slash the gnoll!
You kill the gnoll!
You miss the adder.
You are feeling hungry.
The adder bites you but does no damage. The gnoll hits you.
The adder bites you but does no damage. You block the adder's attack.
You block the gnoll's attack. The gnoll hits you but does no damage.
You block the gnoll's attack. The adder bites you but does no damage.
You hit the gnoll but do no damage. You hit the adder.
You barely miss the gnoll. You slash the gnoll! You block the adder's attack.
The gnoll hits you but does no damage. You block the gnoll's attack.
The gnoll hits you.
* * * LOW HITPOINT WARNING * * *
You barely miss the gnoll. You closely miss the adder. You slash the gnoll!
You hit the gnoll but do no damage. The adder closely misses you.
You block the gnoll's attack. x2; The gnoll hits you but does no damage.
The adder bites you but does no damage. The gnoll hits you.
You die...

# #.# ### ###.###### #..
#......... #.#
#......... #.#
###....... # # ....... #
######.#S########## #
......g@..........# #
......g#g##.......# #
.......#.##.......####.#
.......#.##.......#... #
.......#..........#.####
.......................>
.......##########...#...
#.####. #...###.
......#.....


You could see 3 gnolls and an adder.

Vanquished Creatures
  A gnoll (D:2)
  A dart slug (D:1)
  A leopard gecko (D:1)
  4 giant cockroaches
  A goblin (D:1)
  4 hobgoblins (D:1)
  4 jackals (D:1)
  2 bats (D:1)
  A frilled lizard (D:1)
  3 kobolds (D:1)
  6 rats
28 creatures vanquished.

Notes
Turn   | Place    | Note
-------+----------+-------------------------------------------
     0 | D:1      | Loudmushroom the Gargoyle Fighter began the quest for the
                  | Orb.
     0 | D:1      | Reached XP level 1. HP: 14/14 MP: 1/1
    95 | D:1      | Reached XP level 2. HP: 5/19 MP: 2/2
   663 | D:1      | Reached XP level 3. HP: 22/23 MP: 3/3
   685 | D:1      | Found a sparkling altar of Nemelex Xobeh.
  1305 | D:2      | Slain by a gnoll

Skill      XL: |  1 |
---------------+----+-----
Axes           | 2 |  2.6
Fighting       | |  3.6
Armour         | |  3.6
Shields        | |  3.6

Action                   || total
-------------------------++-------
Melee: War axe           ||   115
  Eat: Chunk             ||     1
Armor: Scale mail        ||    88
Dodge: Dodged            ||    54
Block: Shield            ||    80
